 Dungeon Crawl Stone Soup version 0.18.1-5-g4a78601 (webtiles) character file.

88 Chiseanne the Shield-Bearer (level 4, -3/37 HPs)
             Began as a Formicid Fighter on May 10, 2016.
             Slain by an adder (4 damage)
             ... on level 2 of the Dungeon.
             The game lasted 00:03:45 (1254 turns).

Chiseanne the Shield-Bearer (Formicid Fighter)      Turns: 1254, Time: 00:03:46

Health: -3/37      AC:  5    Str: 20    XL:     4   Next: 82%
Magic:  4/4        EV:  8    Int: 13    God:
Gold:   69         SH:  9    Dex: 11    Spells: 0 memorised, 3 levels left

rFire  . . .     SeeInvis +     a - +0 war axe
rCold  . . .     Gourm    +     g - +0 ring mail (curse)
rNeg   . . .     Faith    .     c - +0 shield
rPois  .         Spirit   .     (helmet unavailable)
rElec  .         Dismiss  .     (no cloak)
rCorr  .         Reflect  .     (no gloves)
SustAt .         Harm     .     (no boots)
MR     .....                    o - amulet of the gourmand
Stlth  +.........               (no ring)
                                (no ring)

@: brilliant, lethally poisoned (-3 -> -16), drained, not resistant to hostile
enchantments, very unstealthy
A: permanent stasis, dig shafts and tunnels, four strong arms, antennae 3
a: Dig, Shaft Self


You were on level 2 of the Dungeon.
You were not hungry.

You visited 1 branch of the dungeon, and saw 2 of its levels.

You collected 69 gold pieces.

Inventory:

Hand Weapons
 a - a +0 war axe (weapon)
Missiles
 e - 14 arrows
 p - 24 stones (quivered)
Armour
 b - a +0 scale mail
 c - a +0 shield (worn)
 g - a cursed +0 ring mail (worn)
Jewellery
 o - an amulet of the gourmand (around neck)
Scrolls
 h - a scroll of remove curse
Potions
 i - 2 potions of cancellation
Comestibles
 f - a bread ration


   Skills:
 * Level 3.8(3.0) Fighting
 * Level 2.9(2.1) Axes
 * Level 4.0(3.2) Armour
 * Level 4.5(3.7) Shields


You had 3 spell levels left.
You didn't know any spells.

Dungeon Overview and Level Annotations

Branches:
Dungeon (2/15)

Altars:
Dithmenos
Nemelex Xobeh
The Shining One


Innate Abilities, Weirdness & Mutations

You are under a permanent stasis effect.
You can dig through walls and to a lower floor.
Your four strong arms can wield two-handed weapons with a shield.
You have a pair of large antennae on your head (SInv).


Message History

Your vision blurs.
* * * LOW HITPOINT WARNING * * *
You feel sick. The adder bites you.
* * * LOW HITPOINT WARNING * * *
Drink which item? (? for menu, Esc to quit)
It was a potion of cure mutation.
It has a very clean taste.
Your natural regeneration is strengthened.
Your vision sharpens.
You regain control of your magic.
* * * LOW HITPOINT WARNING * * *
You feel sick. You block the adder's attack.
The adder bites you but does no damage.
Drink which item? (? for menu, Esc to quit)
It was a potion of brilliance.
You feel clever all of a sudden.
* * * LOW HITPOINT WARNING * * *
You feel sick. The adder bites you but does no damage.
You barely miss the adder.
* * * LOW HITPOINT WARNING * * *
You feel sick. The adder bites you.
You die...

#. #. ##. #.. #.# .###
###### #.# .)... #....#
#.#
......####....##########.#
.......bS@....)...........
##....####....######.#####
...>. .............#.#
.... ###########..#.#####
... #......... ..
###..##### . { #.......
{#..##### #..#


You could see an adder and a bat.

Vanquished Creatures
  Ijyb (D:2)
  Terence (D:2)
  An adder (D:2)
  3 dart slugs (D:1)
  A giant gecko (D:2)
  3 giant cockroaches
  2 hobgoblins (D:1)
  4 bats
  2 giant newts
  A goblin (D:2)
  3 kobolds
22 creatures vanquished.

Vanquished Creatures (others)
  4 toadstools (D:1)
4 creatures vanquished.

Grand Total: 26 creatures vanquished

Notes
Turn   | Place    | Note
--------------------------------------------------------------
     0 | D:1      | Chiseanne the Formicid Fighter began the quest for the Orb.
     0 | D:1      | Reached XP level 1. HP: 18/18 MP: 1/1
    64 | D:1      | Reached XP level 2. HP: 24/24 MP: 2/2
   477 | D:2      | Reached XP level 3. HP: 29/29 MP: 3/3
   484 | D:2      | Noticed Terence
   493 | D:2      | Killed Terence
   627 | D:2      | Found a glowing golden altar of the Shining One.
   669 | D:2      | Found a sparkling altar of Nemelex Xobeh.
   698 | D:2      | Reached XP level 4. HP: 35/36 MP: 4/4
   859 | D:2      | Found a shadowy altar of Dithmenos.
  1226 | D:2      | Noticed Ijyb
  1243 | D:2      | Killed Ijyb
  1251 | D:2      | Gained mutation: You regenerate slowly when monsters are visible. [potion of mutation]
  1251 | D:2      | Gained mutation: Your spells are a little harder to cast, but a little more powerful. [potion of mutation]
  1251 | D:2      | Gained mutation: Scrolls take you a little longer to read. [potion of mutation]
  1252 | D:2      | Lost mutation: You regenerate slowly when monsters are visible. [potion of cure mutation]
  1252 | D:2      | Lost mutation: Scrolls take you a little longer to read. [potion of cure mutation]
  1252 | D:2      | Lost mutation: Your spells are a little harder to cast, but a little more powerful. [potion of cure mutation]
  1254 | D:2      | HP: 1/37 [poisoned by an adder]
  1254 | D:2      | Slain by an adder

Skill      XL: |  1  2  3  4 |
---------------+-------------+-----
Shields        | 4 |  4.5
Armour         | 4 |  4.0
Fighting       | |  3.8
Axes           | |  2.9

Action                   |  1- 3 |  4- 6 || total
-------------------------+-------+-------++-------
Melee: War axe           |    59 |    54 ||   113
 Abil: Dig               |     6 |       ||     6
  Use: Scroll            |     4 |     2 ||     6
       Potion            |       |     4 ||     4
  Eat: Chunk             |       |     5 ||     5
Armor: Scale mail        |    36 |       ||    36
       Ring mail         |       |    21 ||    21
Dodge: Dodged            |    20 |    18 ||    38
Block: Shield            |    30 |    37 ||    67
